Gangsters vs Remparts
(R1)
Created - November 10, 2019 at 19:28
Goals
|
Gangsters |
1 |
1 |
2 |
4 |
Remparts |
2 |
2 |
2 |
6 |
|
Shots
|
Gangsters |
12 |
4 |
16 |
32 |
Remparts |
13 |
9 |
8 |
30 |
|
1st period
1. Remparts , Ryan Strome 2 (Mark Pysyk 2, Max Reinhart 1) at 0:16
2. Gangsters , Devante Smith-Pelly 3 (Dave Dziurzynski 5) at 15:44
3. Remparts , Ryan Strome 3 (Pontus Aberg 7, Max Reinhart 2) at 17:21 (PP)
Penalties :
Samuel Blais (Bro) for Hooking (Minor) at 3:45, Brett Ponich (Bro) for High sticking (Minor) at 16:06
2nd period
4. Remparts , Jake Virtanen 3 (Kyle Platzer 1, William Colbert 2) at 10:52
5. Gangsters , Phillip Danault 2 (Richard Panik 13, Kevin Roy 3) at 11:25
6. Remparts , Griffin Reinhart 2 (Ryan Strome 3, Mark Pysyk 3) at 11:41
Penalties :
Niklas Hansson (Que) for Hooking (Minor) at 0:43, Niklas Hansson (Que) for Unsportsmanlike conduct (Minor) at 6:07, Dave Dziurzynski (Bro) for Holding Stick (Minor) at 12:07, Sam Reinhart (Que) for Interference (Minor) at 13:17
3rd period
7. Gangsters , Kevin Roy 3 (Richard Panik 14, Phillip Danault 2) at 4:23
8. Remparts , Kyle Platzer 2 (Jake Virtanen 1) at 7:02
9. Remparts , Guillaume Desbiens 5 (Griffin Reinhart 5) at 10:25 (SH)
10. Gangsters , Morgan Ellis 2 (Jonas Brodin 5, Richard Panik 15) at 11:00 (PP)
Penalties :
Ryan Strome (Que) for Hooking (Minor) at 0:24, Niklas Hansson (Que) for Roughing (Minor) at 9:52, Griffin Reinhart (Que) for Tripping (Minor) at 12:42, Brett Ponich (Bro) for Holding (Minor) at 16:10, Matt Puempel (Que) for Hooking (Minor) at 19:34, Dave Dziurzynski (Bro) for High sticking (Minor) at 19:39
Goalie Stats
Jordan Binnington (Bro), 6 saves from 7 shots - (0.857), 12:58 minutes
Dustin Tokarski (Bro), 18 saves from 23 shots - (0.783), L, 3-4-0, 47:02 minutes
Igor Bobkov (Que), 28 saves from 32 shots - (0.875), W, 2-1-0, 60:00 minutes
Players Stats for Gangsters
Player Name G A P +/- PIM S H SB GA TA FO MP PP MP PK MP
------------------------------------------------------------------------------------
Adam Lowry 0 0 0 0 0 0 2 0 0 1 1/4 8:57 0:00 0:00
Artem Anisimov 0 0 0 -2 0 1 1 1 1 0 19/39 23:31 4:58 4:09
Brett Ponich 0 0 0 -3 4 0 2 2 2 0 0/0 27:05 6:40 1:31
Connor Chatam 0 0 0 0 0 0 0 0 0 0 0/0 0:00 0:00 0:00
Dave Dziurzynski 0 1 1 -2 4 4 2 0 0 1 2/2 19:55 5:18 1:14
Derrick Pouliot 0 0 0 1 0 3 0 1 0 0 0/0 10:52 0:11 0:43
Devante Smith-Pelly 1 0 1 -2 0 6 1 1 0 0 0/3 23:33 5:06 4:09
Jacob Middleton 0 0 0 0 0 0 0 0 0 0 0/0 0:00 0:00 0:00
Jake Marchment 0 0 0 -1 0 0 0 0 0 0 0/1 7:07 0:00 0:00
Jonas Brodin 0 1 1 0 0 0 0 1 1 0 0/0 19:56 3:28 2:04
Jordan Subban 0 0 0 0 0 0 0 0 0 0 0/0 0:52 0:11 0:00
Joshua Jacobs 0 0 0 0 0 0 0 0 0 0 0/0 0:00 0:00 0:00
Julius Vahatalo 0 0 0 -1 0 0 1 0 0 0 0/0 7:07 0:00 0:00
Kevin Roy 1 1 2 1 0 1 2 0 0 0 4/11 16:06 4:49 0:20
Matt Delahey 0 0 0 -3 0 3 1 3 1 0 0/0 30:11 6:40 4:03
Morgan Ellis 1 0 1 0 0 3 1 1 0 1 0/0 19:28 3:28 2:12
Phillip Danault 1 1 2 1 0 4 1 0 1 0 0/0 15:53 4:49 0:37
Richard Panik 0 3 3 1 0 4 3 0 0 1 0/0 17:14 5:01 1:37
Ryan Culkin 0 0 0 1 0 0 0 0 0 0 0/0 11:34 0:00 2:13
Samuel Blais 0 0 0 0 2 1 3 0 0 1 0/0 11:52 0:00 0:40
Sebastian Collberg 0 0 0 -1 0 0 2 1 0 0 1/2 9:09 0:20 0:00
Stefan Noesen 0 0 0 0 0 2 2 0 2 0 0/0 12:01 0:35 0:00
Steven Santini 0 0 0 0 0 0 0 0 0 0 0/0 0:00 0:00 0:00
Players Stats for Remparts
Player Name G A P +/- PIM S H SB GA TA FO MP PP MP PK MP
------------------------------------------------------------------------------------
Brendan Perlini 0 0 0 -1 0 0 0 0 0 0 1/2 14:36 2:25 0:00
Griffin Reinhart 1 1 2 3 2 2 2 2 0 0 0/0 27:06 4:17 3:40
Guillaume Desbiens 1 0 1 0 0 4 1 1 3 1 0/0 17:13 2:25 2:22
Jake Virtanen 1 1 2 2 0 2 2 0 0 0 0/0 8:53 0:00 2:07
Kyle Platzer 1 1 2 2 0 4 0 0 0 1 2/2 8:06 0:00 1:12
Mark Pysyk 0 2 2 3 0 3 0 1 0 1 0/0 30:08 4:17 7:01
Matt Puempel 0 0 0 0 2 0 0 0 0 0 1/1 9:21 0:00 0:18
Max Reinhart 0 2 2 0 0 0 4 0 0 0 20/37 23:56 3:58 5:23
Michal Jordan 0 0 0 1 0 1 0 1 1 0 0/0 16:34 2:06 2:48
Mitchell Heard 0 0 0 1 0 1 1 0 0 1 2/5 12:10 0:00 2:34
Nail Yakupov 0 0 0 0 0 2 1 0 0 1 0/0 9:04 0:00 0:00
Niklas Hansson 0 0 0 -2 6 0 3 1 0 1 0/0 16:24 0:00 3:27
Pontus Aberg 0 1 1 0 0 1 1 0 0 0 1/3 17:56 3:58 0:14
Roberts Lipsbergs 0 0 0 2 0 0 1 1 0 0 0/0 8:56 0:00 2:03
Ryan Strome 2 1 3 0 2 8 3 0 1 1 1/1 23:09 3:58 4:25
Sam Reinhart 0 0 0 -1 2 2 0 0 0 0 7/11 14:37 2:24 0:00
Viktor Baldayev 0 0 0 1 0 0 2 0 0 0 0/0 10:33 0:00 0:54
William Colbert 0 1 1 -2 0 0 0 1 0 1 0/0 19:43 2:06 2:48
3 Stars
1 - Ryan Strome (Que)
2 - Jake Virtanen (Que)
3 - Griffin Reinhart (Que)
Power Play
Gangsters - 1 on 7 Attempt(s) - 14.29%
Remparts - 1 on 5 Attempt(s) - 20.00%
Penalty Kill
Gangsters - 4 on 5 Attempt(s) - 80.00%
- Score 0 goal in Penalty Kill
Remparts - 6 on 7 Attempt(s) - 85.71%
- Score 1 goal in Penalty Kill
Team Stat
Gangsters - Hits : 24 - Faceoff Wins : 27 - Blocked Shots : 11 - Penalty Minutes : 10
Remparts - Hits : 21 - Faceoff Wins : 35 - Blocked Shots : 8 - Penalty Minutes : 14
Official
Referees : Unknown
Linesman : Unknown
Game Notes
Jordan Binnington enters game at 7:02 of 3rd period
Adam Lowry is injured at 11:49 of 3rd period (Sprained Left Finger)
Finance
Level 1 -- Attendance: 1474 (73.70%) -- Ticket Income $44,220
Level 2 -- Attendance: 689 (68.90%) -- Ticket Income $13,780
Total Attendance: 2163 (72.10%)
Total Ticket Income: $58,000
Other Income: $2,900
Total Income: $60,900
Gangsters
5 vs 5 Forward
Center Left Wing Right Wing Time % Phy DF OF
1 Artem Anisimov Dave Dziurzynski Devante Smith-Pelly 40 1 2 2
2 Kevin Roy Phillip Danault Richard Panik 30 1 2 2
3 Adam Lowry Samuel Blais Stefan Noesen 20 1 2 2
4 Jake Marchment Julius Vahatalo Sebastian Collberg 10 1 2 2
5 vs 5 Defense
Defense Defense Time % Phy DF OF
1 Matt Delahey Brett Ponich 40 1 2 2
2 Morgan Ellis Jonas Brodin 30 1 2 2
3 Derrick Pouliot Ryan Culkin 20 1 2 2
4 Matt Delahey Brett Ponich 10 1 2 2
PowerPlay Forward
Center Left Wing Right Wing Time % Phy DF OF
1 Artem Anisimov Dave Dziurzynski Devante Smith-Pelly 60 1 2 2
2 Kevin Roy Phillip Danault Richard Panik 40 1 2 2
PowerPlay Defense
Defense Defense Time % Phy DF OF
1 Matt Delahey Brett Ponich 60 1 2 2
2 Morgan Ellis Jonas Brodin 40 1 2 2
Penalty Kill 4 Players Forward
Center Wing Time % Phy DF OF
1 Artem Anisimov Devante Smith-Pelly 60 1 2 2
2 Richard Panik Dave Dziurzynski 40 1 2 2
Penalty Kill 4 Players Defense
Defense Defense Time % Phy DF OF
1 Matt Delahey Brett Ponich 60 1 2 2
2 Morgan Ellis Jonas Brodin 40 1 2 2
Penalty Kill - 3 Players Forward
Forward Time % Phy DF OF
1 Artem Anisimov 60 1 2 2
2 Devante Smith-Pelly 40 1 2 2
Penalty Kill - 3 Players Defense
Defense Defense Time % Phy DF OF
1 Matt Delahey Brett Ponich 60 1 2 2
2 Morgan Ellis Jonas Brodin 40 1 2 2
4 vs 4 Forward
Center Wing Time % Phy DF OF
1 Artem Anisimov Devante Smith-Pelly 60 1 2 2
2 Richard Panik Dave Dziurzynski 40 1 2 2
4 vs 4 Defense
Defense Defense Time % Phy DF OF
1 Matt Delahey Brett Ponich 60 1 2 2
2 Morgan Ellis Jonas Brodin 40 1 2 2
Last Minutes Offensive
Center Left Wing Right Wing Defense Defense
Artem Anisimov Dave Dziurzynski Devante Smith-Pelly Matt Delahey Brett Ponich
Last Minutes Defensive
Center Left Wing Right Wing Defense Defense
Artem Anisimov Dave Dziurzynski Devante Smith-Pelly Matt Delahey Brett Ponich
Goaltenders
Starting : Dustin Tokarski
Backup : Jordan Binnington
Extra Forwards
Normal : Stefan Noesen, Sebastian Collberg, Samuel Blais - PP : Stefan Noesen, Sebastian Collberg - PK : Samuel Blais
Extra Defensemen
Normal : Derrick Pouliot, Ryan Culkin, Morgan Ellis - PP : Derrick Pouliot - PK : Ryan Culkin, Morgan Ellis
Penalty Shots
Artem Anisimov, Devante Smith-Pelly, Richard Panik, Dave Dziurzynski, Stefan Noesen
Scratches
Seth Griffith (Healthy), David Pope (Healthy), Hugo Fagerblom (Healthy)
Remparts
5 vs 5 Forward
Center Left Wing Right Wing Time % Phy DF OF
1 Max Reinhart Pontus Aberg Ryan Strome 40 0 2 3
2 Sam Reinhart Brendan Perlini Guillaume Desbiens 30 0 2 3
3 Mitchell Heard Matt Puempel Nail Yakupov 20 0 3 2
4 Kyle Platzer Roberts Lipsbergs Jake Virtanen 10 0 3 2
5 vs 5 Defense
Defense Defense Time % Phy DF OF
1 Mark Pysyk Griffin Reinhart 40 0 2 3
2 William Colbert Niklas Hansson 30 1 2 2
3 Viktor Baldayev Michal Jordan 20 1 2 2
4 Mark Pysyk Griffin Reinhart 10 1 2 2
PowerPlay Forward
Center Left Wing Right Wing Time % Phy DF OF
1 Max Reinhart Pontus Aberg Ryan Strome 60 0 1 4
2 Sam Reinhart Brendan Perlini Guillaume Desbiens 40 0 1 4
PowerPlay Defense
Defense Defense Time % Phy DF OF
1 Mark Pysyk Griffin Reinhart 60 0 2 3
2 William Colbert Michal Jordan 40 0 2 3
Penalty Kill 4 Players Forward
Center Wing Time % Phy DF OF
1 Max Reinhart Ryan Strome 60 1 3 1
2 Mitchell Heard Guillaume Desbiens 40 1 3 1
Penalty Kill 4 Players Defense
Defense Defense Time % Phy DF OF
1 Mark Pysyk Niklas Hansson 60 1 4 0
2 William Colbert Michal Jordan 40 1 4 0
Penalty Kill - 3 Players Forward
Forward Time % Phy DF OF
1 Max Reinhart 60 1 3 1
2 Ryan Strome 40 1 3 1
Penalty Kill - 3 Players Defense
Defense Defense Time % Phy DF OF
1 Mark Pysyk Niklas Hansson 60 1 4 0
2 William Colbert Michal Jordan 40 1 4 0
4 vs 4 Forward
Center Wing Time % Phy DF OF
1 Max Reinhart Ryan Strome 60 0 2 3
2 Sam Reinhart Pontus Aberg 40 0 2 3
4 vs 4 Defense
Defense Defense Time % Phy DF OF
1 Mark Pysyk Griffin Reinhart 60 0 2 3
2 William Colbert Michal Jordan 40 0 2 3
Last Minutes Offensive
Center Left Wing Right Wing Defense Defense
Max Reinhart Pontus Aberg Ryan Strome Mark Pysyk Griffin Reinhart
Last Minutes Defensive
Center Left Wing Right Wing Defense Defense
Max Reinhart Pontus Aberg Ryan Strome Mark Pysyk Niklas Hansson
Goaltenders
Starting : Igor Bobkov
Backup : Tyler Plante
Extra Forwards
Normal : Sam Reinhart, Ryan Strome, Max Reinhart - PP : Sam Reinhart, Ryan Strome - PK : Jake Virtanen
Extra Defensemen
Normal : Griffin Reinhart, Mark Pysyk, Niklas Hansson - PP : Viktor Baldayev - PK : Griffin Reinhart, Mark Pysyk
Penalty Shots
Max Reinhart, Pontus Aberg, Guillaume Desbiens, Nail Yakupov, Ryan Strome
Scratches
Juuso Ikonen (Healthy), Michael Downing (Healthy), Keaton Thompson (Healthy), Colin Smith (Healthy), Connor Honey (Healthy)
Anton Zlobin (Healthy), Cédric Lalonde-McNicoll (Suspend), Tim Bozon (Healthy), Nelson Nogier (Healthy), Marek Langhamer (Healthy)
% Time on Ice - Gangsters
Lines # - Real PCT - Wanted PCT - Time Play
Normal Forward
1 - 32% - 40% - 13:26
2 - 26% - 30% - 10:58
3 - 25% - 20% - 10:38
4 - 17% - 10% - 7:07
Normal Defense
1 - 40% - 40% - 16:43
2 - 34% - 30% - 14:17
3 - 22% - 20% - 9:19
4 - 4% - 10% - 1:50
PP Forward
1 - 50% - 60% - 5:09
2 - 50% - 40% - 5:10
PP Defense
1 - 65% - 60% - 6:40
2 - 35% - 40% - 3:39
PK Forward
1 - 75% - 60% - 4:46
2 - 25% - 40% - 1:37
PK Defense
1 - 68% - 60% - 4:19
2 - 32% - 40% - 2:04
PK3 Forward
1 - 0% - 60%
2 - 0% - 40%
PK3 Defense
1 - 0% - 60%
2 - 0% - 40%
44 Forward
1 - 83% - 60% - 0:57
2 - 17% - 40% - 0:12
44 Defense
1 - 83% - 60% - 0:57
2 - 17% - 40% - 0:12
Last Minute Offensive - 0:00
Last Minute Defensive - 0:00
Total
Forward - 60:00
Defense - 60:00
|
% Time on Ice - Remparts
Lines # - Real PCT - Wanted PCT - Time Play
Normal Forward
1 - 32% - 40% - 13:38
2 - 30% - 30% - 12:43
3 - 22% - 20% - 9:04
4 - 16% - 10% - 6:44
Normal Defense
1 - 42% - 40% - 17:32
2 - 34% - 30% - 14:31
3 - 23% - 20% - 9:40
4 - 1% - 10% - 0:26
PP Forward
1 - 62% - 60% - 3:58
2 - 38% - 40% - 2:25
PP Defense
1 - 67% - 60% - 4:17
2 - 33% - 40% - 2:06
PK Forward
1 - 75% - 60% - 7:43
2 - 25% - 40% - 2:36
PK Defense
1 - 73% - 60% - 7:31
2 - 27% - 40% - 2:48
PK3 Forward
1 - 0% - 60%
2 - 0% - 40%
PK3 Defense
1 - 0% - 60%
2 - 0% - 40%
44 Forward
1 - 87% - 60% - 1:00
2 - 13% - 40% - 0:09
44 Defense
1 - 74% - 60% - 0:51
2 - 26% - 40% - 0:18
Last Minute Offensive - 0:00
Last Minute Defensive - 0:00
Total
Forward - 60:00
Defense - 60:00
|
Play-by-Play
1st period
0:01 of 1st period - Max Reinhart wins face-off versus Artem Anisimov in neutral zone.
0:08 of 1st period - Wrist shot by Ryan Strome.
0:08 of 1st period - Shot Misses the Net.
0:10 of 1st period - Snap shot by Max Reinhart.
0:10 of 1st period - Shot Misses the Net.
0:12 of 1st period - Slapshot by Mark Pysyk.
0:12 of 1st period - Stopped by Dustin Tokarski with a rebound.
0:14 of 1st period - Slapshot by Mark Pysyk.
0:14 of 1st period - Shot Misses the Net.
0:16 of 1st period - Snap shot by Ryan Strome.
0:16 of 1st period - Goal by Ryan Strome - Gangsters : 0 - Remparts : 1.
0:17 of 1st period - Kevin Roy wins face-off versus Sam Reinhart in neutral zone.
0:42 of 1st period - William Colbert is hit by Stefan Noesen and loses puck.
0:53 of 1st period - Wrist shot by Samuel Blais.
0:53 of 1st period - Shot Blocked by Niklas Hansson.
1:05 of 1st period - Devante Smith-Pelly is hit by Ryan Strome and loses puck.
1:28 of 1st period - Snap shot by Kyle Platzer.
1:28 of 1st period - Deflect By Jake Virtanen.
1:28 of 1st period - Shot Misses the Net.
1:28 of 1st period - Puck is out of play.
1:29 of 1st period - Kyle Platzer wins face-off versus Kevin Roy in Gangsters zone.
1:32 of 1st period - Snap shot by Kyle Platzer.
1:32 of 1st period - Shot Misses the Net.
1:34 of 1st period - Slapshot by Mark Pysyk.
1:34 of 1st period - Stopped by Dustin Tokarski without a rebound.
1:35 of 1st period - Kevin Roy wins face-off versus Sam Reinhart in Gangsters zone.
1:44 of 1st period - Slapshot by Brett Ponich.
1:44 of 1st period - Shot Blocked by Mark Pysyk.
1:46 of 1st period - Snap shot by Brett Ponich.
1:46 of 1st period - Shot Blocked by Guillaume Desbiens.
1:48 of 1st period - Wrist shot by Richard Panik.
1:48 of 1st period - Stopped by Igor Bobkov with a rebound.
1:50 of 1st period - Snap shot by Matt Delahey.
1:50 of 1st period - Shot Blocked by Griffin Reinhart.
2:24 of 1st period - Slapshot by Matt Delahey.
2:24 of 1st period - Deflect By Michal Jordan.
2:24 of 1st period - Stopped by Igor Bobkov with a rebound.
2:42 of 1st period - Brett Ponich is hit by Jake Virtanen.
3:22 of 1st period - Icing by Michal Jordan.
3:23 of 1st period - Sam Reinhart wins face-off versus Adam Lowry in Remparts zone.
3:45 of 1st period - Minor Penalty to Samuel Blais for Hooking.
3:46 of 1st period - Max Reinhart wins face-off versus Artem Anisimov in Gangsters zone.
3:47 of 1st period - Wrist shot by Ryan Strome.
3:47 of 1st period - Stopped by Dustin Tokarski with a rebound.
3:49 of 1st period - Slapshot by Mark Pysyk.
3:49 of 1st period - Shot Misses the Net.
3:51 of 1st period - Slapshot by Griffin Reinhart.
3:51 of 1st period - Shot Misses the Net.
3:53 of 1st period - Slapshot by Mark Pysyk.
3:53 of 1st period - Shot Blocked by Devante Smith-Pelly.
5:45 of 1st period - Penalty to Samuel Blais is over, Samuel Blais is back on ice.
5:52 of 1st period - Snap shot by Stefan Noesen.
5:52 of 1st period - Stopped by Igor Bobkov with a rebound.
5:54 of 1st period - Slapshot by Ryan Culkin.
5:54 of 1st period - Shot Blocked by Michal Jordan.
5:56 of 1st period - Wrist shot by Adam Lowry.
5:56 of 1st period - Shot Hit the Post.
5:58 of 1st period - Snap shot by Derrick Pouliot.
5:58 of 1st period - Shot Misses the Net.
6:12 of 1st period - Slapshot by Nail Yakupov.
6:12 of 1st period - Shot Blocked by Morgan Ellis.
6:14 of 1st period - Wrist shot by Kyle Platzer.
6:14 of 1st period - Stopped by Dustin Tokarski with a rebound.
6:16 of 1st period - Snap shot by William Colbert.
6:16 of 1st period - Shot Misses the Net.
6:18 of 1st period - Snap shot by William Colbert.
6:18 of 1st period - Shot Hit the Post.
7:02 of 1st period - Mark Pysyk is hit by Matt Delahey and loses puck.
7:21 of 1st period - Niklas Hansson is hit by Samuel Blais and loses puck.
7:42 of 1st period - Matt Delahey is hit by Viktor Baldayev and loses puck.
7:51 of 1st period - Niklas Hansson is hit by Sebastian Collberg and loses puck.
8:24 of 1st period - Wrist shot by Dave Dziurzynski.
8:24 of 1st period - Shot Misses the Net.
8:26 of 1st period - Backhand shot by Artem Anisimov.
8:26 of 1st period - Shot Misses the Net.
8:30 of 1st period - Snap shot by Artem Anisimov.
8:30 of 1st period - Deflect By Dave Dziurzynski.
8:30 of 1st period - Stopped by Igor Bobkov with a rebound.
8:40 of 1st period - Derrick Pouliot is hit by Ryan Strome and loses puck.
8:53 of 1st period - Sebastian Collberg is hit by Mitchell Heard.
9:10 of 1st period - Snap shot by Richard Panik.
9:10 of 1st period - Shot Misses the Net.
9:14 of 1st period - Snap shot by Richard Panik.
9:14 of 1st period - Shot Misses the Net.
9:16 of 1st period - Slapshot by Phillip Danault.
9:16 of 1st period - Stopped by Igor Bobkov with a rebound.
9:34 of 1st period - Guillaume Desbiens is hit by Devante Smith-Pelly and loses puck.
9:47 of 1st period - Viktor Baldayev is hit by Stefan Noesen and loses puck.
10:10 of 1st period - Icing by Matt Delahey.
10:11 of 1st period - Mitchell Heard wins face-off versus Jake Marchment in Gangsters zone.
10:12 of 1st period - Snap shot by Nail Yakupov.
10:12 of 1st period - Stopped by Dustin Tokarski without a rebound.
10:13 of 1st period - Artem Anisimov wins face-off versus Mitchell Heard in Gangsters zone.
10:22 of 1st period - Slapshot by Devante Smith-Pelly.
10:22 of 1st period - Shot Misses the Net.
10:24 of 1st period - Snap shot by Artem Anisimov.
10:24 of 1st period - Shot Misses the Net.
10:38 of 1st period - Richard Panik is hit by Max Reinhart and loses puck.
10:59 of 1st period - Snap shot by Guillaume Desbiens.
10:59 of 1st period - Shot Misses the Net.
11:01 of 1st period - Wrist shot by Guillaume Desbiens.
11:01 of 1st period - Stopped by Dustin Tokarski without a rebound.
11:02 of 1st period - Artem Anisimov wins face-off versus Brendan Perlini in Gangsters zone.
11:10 of 1st period - Icing by Matt Delahey.
11:11 of 1st period - Dave Dziurzynski wins face-off versus Max Reinhart in Gangsters zone.
11:22 of 1st period - Slapshot by Max Reinhart.
11:22 of 1st period - Shot Misses the Net.
12:09 of 1st period - Snap shot by Nail Yakupov.
12:09 of 1st period - Shot Misses the Net.
12:12 of 1st period - Icing by Morgan Ellis.
12:13 of 1st period - Max Reinhart wins face-off versus Adam Lowry in Gangsters zone.
12:22 of 1st period - Wrist shot by Ryan Strome.
12:22 of 1st period - Stopped by Dustin Tokarski without a rebound.
12:23 of 1st period - Max Reinhart wins face-off versus Devante Smith-Pelly in Gangsters zone.
13:32 of 1st period - Slapshot by Dave Dziurzynski.
13:32 of 1st period - Stopped by Igor Bobkov without a rebound.
13:33 of 1st period - Artem Anisimov wins face-off versus Max Reinhart in Remparts zone.
13:58 of 1st period - Wrist shot by Artem Anisimov.
13:58 of 1st period - Stopped by Igor Bobkov without a rebound.
13:59 of 1st period - Sam Reinhart wins face-off versus Kevin Roy in Remparts zone.
15:12 of 1st period - Snap shot by Kyle Platzer.
15:12 of 1st period - Stopped by Dustin Tokarski without a rebound.
15:13 of 1st period - Kyle Platzer wins face-off versus Kevin Roy in Gangsters zone.
15:44 of 1st period - Wrist shot by Devante Smith-Pelly.
15:44 of 1st period - Goal by Devante Smith-Pelly - Gangsters : 1 - Remparts : 1.
15:45 of 1st period - Artem Anisimov wins face-off versus Max Reinhart in neutral zone.
15:50 of 1st period - Snap shot by Devante Smith-Pelly.
15:50 of 1st period - Stopped by Igor Bobkov with a rebound.
16:00 of 1st period - Slapshot by Ryan Strome.
16:00 of 1st period - Shot Misses the Net.
16:06 of 1st period - Minor Penalty to Brett Ponich for High sticking.
16:07 of 1st period - Max Reinhart wins face-off versus Artem Anisimov in Gangsters zone.
16:14 of 1st period - Snap shot by Max Reinhart.
16:14 of 1st period - Shot Misses the Net.
16:16 of 1st period - Wrist shot by Ryan Strome.
16:16 of 1st period - Stopped by Dustin Tokarski without a rebound.
16:17 of 1st period - Artem Anisimov wins face-off versus Max Reinhart in Gangsters zone.
16:30 of 1st period - Snap shot by Devante Smith-Pelly.
16:30 of 1st period - Stopped by Igor Bobkov without a rebound.
16:31 of 1st period - Artem Anisimov wins face-off versus Max Reinhart in Remparts zone.
16:32 of 1st period - Wrist shot by Devante Smith-Pelly.
16:32 of 1st period - Stopped by Igor Bobkov without a rebound.
16:33 of 1st period - Max Reinhart wins face-off versus Artem Anisimov in Remparts zone.
16:38 of 1st period - Matt Delahey is hit by Max Reinhart and loses puck.
16:49 of 1st period - Snap shot by Devante Smith-Pelly.
16:49 of 1st period - Shot Blocked by Griffin Reinhart.
17:21 of 1st period - Snap shot by Ryan Strome.
17:21 of 1st period - Goal by Ryan Strome - Gangsters : 1 - Remparts : 2.
17:22 of 1st period - Sam Reinhart wins face-off versus Kevin Roy in neutral zone.
17:53 of 1st period - Snap shot by Jake Virtanen.
17:53 of 1st period - Deflect By Kyle Platzer.
17:53 of 1st period - Stopped by Dustin Tokarski with a rebound.
17:55 of 1st period - Snap shot by Mark Pysyk.
17:55 of 1st period - Deflect By Jake Virtanen.
17:55 of 1st period - Stopped by Dustin Tokarski without a rebound.
17:56 of 1st period - Dave Dziurzynski wins face-off versus Pontus Aberg in Gangsters zone.
18:32 of 1st period - Wrist shot by Sam Reinhart.
18:32 of 1st period - Shot Misses the Net.
19:09 of 1st period - Snap shot by Matt Delahey.
19:09 of 1st period - Stopped by Igor Bobkov with a rebound.
Goals for this period are 1 for Gangsters vs 2 for Remparts.
Shots for this period are 12 for Gangsters vs 13 for Remparts.
2nd period
0:01 of 2nd period - Pontus Aberg wins face-off versus Artem Anisimov in neutral zone.
0:28 of 2nd period - Slapshot by Guillaume Desbiens.
0:28 of 2nd period - Stopped by Dustin Tokarski without a rebound.
0:29 of 2nd period - Sam Reinhart wins face-off versus Kevin Roy in Gangsters zone.
0:32 of 2nd period - Snap shot by Sam Reinhart.
0:32 of 2nd period - Stopped by Dustin Tokarski without a rebound.
0:33 of 2nd period - Artem Anisimov wins face-off versus Max Reinhart in Gangsters zone.
0:43 of 2nd period - Minor Penalty to Niklas Hansson for Hooking.
0:44 of 2nd period - Artem Anisimov wins face-off versus Max Reinhart in Remparts zone.
2:43 of 2nd period - Penalty to Niklas Hansson is over, Niklas Hansson is back on ice.
3:02 of 2nd period - Brendan Perlini is hit by Morgan Ellis and loses puck.
3:17 of 2nd period - Snap shot by Kyle Platzer.
3:17 of 2nd period - Shot Blocked by Sebastian Collberg.
4:25 of 2nd period - Slapshot by Morgan Ellis.
4:25 of 2nd period - Shot Blocked by William Colbert.
4:31 of 2nd period - Morgan Ellis is hit by Niklas Hansson and loses puck.
5:24 of 2nd period - Slapshot by Griffin Reinhart.
5:24 of 2nd period - Stopped by Dustin Tokarski without a rebound.
5:25 of 2nd period - Artem Anisimov wins face-off versus Max Reinhart in Gangsters zone.
5:51 of 2nd period - Mitchell Heard is hit by Brett Ponich and loses puck.
6:07 of 2nd period - Minor Penalty to Niklas Hansson for Unsportsmanlike conduct.
6:08 of 2nd period - Max Reinhart wins face-off versus Artem Anisimov in Remparts zone.
6:33 of 2nd period - Max Reinhart is hit by Richard Panik and loses puck.
6:48 of 2nd period - Snap shot by Ryan Strome.
6:48 of 2nd period - Stopped by Dustin Tokarski with a rebound.
6:50 of 2nd period - Snap shot by Michal Jordan.
6:50 of 2nd period - Stopped by Dustin Tokarski with a rebound.
7:04 of 2nd period - Wrist shot by Ryan Strome.
7:04 of 2nd period - Stopped by Dustin Tokarski without a rebound.
7:05 of 2nd period - Artem Anisimov wins face-off versus Mitchell Heard in Gangsters zone.
7:54 of 2nd period - Artem Anisimov is hit by Griffin Reinhart and loses puck.
8:07 of 2nd period - Penalty to Niklas Hansson is over, Niklas Hansson is back on ice.
8:33 of 2nd period - Sebastian Collberg is hit by Niklas Hansson and loses puck.
9:41 of 2nd period - Guillaume Desbiens is hit by Richard Panik and loses puck.
10:00 of 2nd period - Wrist shot by Jake Virtanen.
10:00 of 2nd period - Shot Misses the Net.
10:50 of 2nd period - Wrist shot by Kyle Platzer.
10:50 of 2nd period - Shot Misses the Net.
10:52 of 2nd period - Wrist shot by Jake Virtanen.
10:52 of 2nd period - Goal by Jake Virtanen - Gangsters : 1 - Remparts : 3.
10:53 of 2nd period - Max Reinhart wins face-off versus Artem Anisimov in neutral zone.
11:23 of 2nd period - Slapshot by Richard Panik.
11:23 of 2nd period - Shot Misses the Net.
11:25 of 2nd period - Wrist shot by Phillip Danault.
11:25 of 2nd period - Goal by Phillip Danault - Gangsters : 2 - Remparts : 3.
11:26 of 2nd period - Max Reinhart wins face-off versus Artem Anisimov in neutral zone.
11:41 of 2nd period - Slapshot by Griffin Reinhart.
11:41 of 2nd period - Goal by Griffin Reinhart - Gangsters : 2 - Remparts : 4.
11:42 of 2nd period - Max Reinhart wins face-off versus Artem Anisimov in neutral zone.
12:07 of 2nd period - Minor Penalty to Dave Dziurzynski for Holding Stick.
12:08 of 2nd period - Artem Anisimov wins face-off versus Max Reinhart in Gangsters zone.
12:08 of 2nd period - Artem Anisimov is hit by Pontus Aberg.
12:38 of 2nd period - Slapshot by Griffin Reinhart.
12:38 of 2nd period - Shot Misses the Net.
12:40 of 2nd period - Wrist shot by Guillaume Desbiens.
12:40 of 2nd period - Shot Misses the Net.
13:11 of 2nd period - Icing by Michal Jordan.
13:12 of 2nd period - Artem Anisimov wins face-off versus Sam Reinhart in Remparts zone.
13:17 of 2nd period - Minor Penalty to Sam Reinhart for Interference.
13:18 of 2nd period - Max Reinhart wins face-off versus Artem Anisimov in Remparts zone.
13:23 of 2nd period - Slapshot by Mark Pysyk.
13:23 of 2nd period - Shot Blocked by Artem Anisimov.
13:25 of 2nd period - Snap shot by Mark Pysyk.
13:25 of 2nd period - Stopped by Dustin Tokarski with a rebound.
13:27 of 2nd period - Slapshot by Griffin Reinhart.
13:27 of 2nd period - Shot Blocked by Brett Ponich.
14:07 of 2nd period - Penalty to Dave Dziurzynski is over, Dave Dziurzynski is back on ice.
14:35 of 2nd period - Snap shot by Guillaume Desbiens.
14:35 of 2nd period - Shot Blocked by Jonas Brodin.
15:11 of 2nd period - Niklas Hansson is hit by Brett Ponich and loses puck.
15:17 of 2nd period - Penalty to Sam Reinhart is over, Sam Reinhart is back on ice.
15:47 of 2nd period - Matt Delahey is hit by Viktor Baldayev and loses puck.
16:44 of 2nd period - Snap shot by Stefan Noesen.
16:44 of 2nd period - Stopped by Igor Bobkov without a rebound.
16:45 of 2nd period - Mitchell Heard wins face-off versus Adam Lowry in Remparts zone.
16:45 of 2nd period - Mitchell Heard is hit by Adam Lowry.
17:12 of 2nd period - Dave Dziurzynski is hit by Max Reinhart and loses puck.
17:31 of 2nd period - Viktor Baldayev is hit by Sebastian Collberg and loses puck.
17:40 of 2nd period - Slapshot by Sebastian Collberg.
17:40 of 2nd period - Shot Misses the Net.
17:54 of 2nd period - Pontus Aberg is hit by Kevin Roy and loses puck.
18:19 of 2nd period - Slapshot by Morgan Ellis.
18:19 of 2nd period - Stopped by Igor Bobkov with a rebound.
18:21 of 2nd period - Slapshot by Dave Dziurzynski.
18:21 of 2nd period - Stopped by Igor Bobkov with a rebound.
18:56 of 2nd period - William Colbert is hit by Julius Vahatalo and loses puck.
19:50 of 2nd period - Brett Ponich is hit by Niklas Hansson and loses puck.
Goals for this period are 1 for Gangsters vs 2 for Remparts.
Shots for this period are 4 for Gangsters vs 9 for Remparts.
3rd period
0:01 of 3rd period - Max Reinhart wins face-off versus Devante Smith-Pelly in neutral zone.
0:08 of 3rd period - Snap shot by Ryan Strome.
0:08 of 3rd period - Shot Blocked by Brett Ponich.
0:10 of 3rd period - Slapshot by Mark Pysyk.
0:10 of 3rd period - Shot Blocked by Matt Delahey.
0:24 of 3rd period - Minor Penalty to Ryan Strome for Hooking.
0:25 of 3rd period - Max Reinhart wins face-off versus Artem Anisimov in Remparts zone.
0:25 of 3rd period - Max Reinhart is hit by Dave Dziurzynski.
0:35 of 3rd period - Devante Smith-Pelly is hit by Max Reinhart and loses puck.
1:01 of 3rd period - Jake Virtanen is hit by Phillip Danault and loses puck.
2:24 of 3rd period - Penalty to Ryan Strome is over, Ryan Strome is back on ice.
2:32 of 3rd period - Guillaume Desbiens is hit by Adam Lowry and loses puck.
3:13 of 3rd period - Icing by Jonas Brodin.
3:14 of 3rd period - Sam Reinhart wins face-off versus Artem Anisimov in Gangsters zone.
3:15 of 3rd period - Slapshot by Guillaume Desbiens.
3:15 of 3rd period - Shot Misses the Net.
3:53 of 3rd period - Off-side.
3:54 of 3rd period - Max Reinhart wins face-off versus Kevin Roy in neutral zone.
4:15 of 3rd period - Wrist shot by Brett Ponich.
4:15 of 3rd period - Shot Misses the Net.
4:17 of 3rd period - Slapshot by Brett Ponich.
4:17 of 3rd period - Shot Misses the Net.
4:19 of 3rd period - Slapshot by Phillip Danault.
4:19 of 3rd period - Stopped by Igor Bobkov with a rebound.
4:21 of 3rd period - Wrist shot by Richard Panik.
4:21 of 3rd period - Stopped by Igor Bobkov with a rebound.
4:23 of 3rd period - Snap shot by Kevin Roy.
4:23 of 3rd period - Goal by Kevin Roy - Gangsters : 3 - Remparts : 4.
4:24 of 3rd period - Artem Anisimov wins face-off versus Max Reinhart in neutral zone.
4:26 of 3rd period - Off-side.
4:27 of 3rd period - Ryan Strome wins face-off versus Devante Smith-Pelly in neutral zone.
6:01 of 3rd period - Slapshot by Derrick Pouliot.
6:01 of 3rd period - Stopped by Igor Bobkov with a rebound.
6:03 of 3rd period - Slapshot by Derrick Pouliot.
6:03 of 3rd period - Stopped by Igor Bobkov with a rebound.
6:05 of 3rd period - Backhand shot by Dave Dziurzynski.
6:05 of 3rd period - Deflect By Ryan Strome.
6:05 of 3rd period - Stopped by Igor Bobkov with a rebound.
7:02 of 3rd period - Slapshot by Kyle Platzer.
7:02 of 3rd period - Goal by Kyle Platzer - Gangsters : 3 - Remparts : 5.
7:02 of 3rd period - Jordan Binnington enters game.
7:03 of 3rd period - Artem Anisimov wins face-off versus Max Reinhart in neutral zone.
7:39 of 3rd period - Snap shot by Richard Panik.
7:39 of 3rd period - Stopped by Igor Bobkov with a rebound.
7:45 of 3rd period - Griffin Reinhart is hit by Kevin Roy and loses puck.
7:54 of 3rd period - Brett Ponich is hit by Guillaume Desbiens and loses puck.
8:07 of 3rd period - Brendan Perlini is hit by Richard Panik and loses puck.
8:12 of 3rd period - Slapshot by Phillip Danault.
8:12 of 3rd period - Stopped by Igor Bobkov with a rebound.
8:14 of 3rd period - Slapshot by Matt Delahey.
8:14 of 3rd period - Stopped by Igor Bobkov without a rebound.
8:15 of 3rd period - Artem Anisimov wins face-off versus Max Reinhart in Remparts zone.
8:16 of 3rd period - Snap shot by Devante Smith-Pelly.
8:16 of 3rd period - Shot Misses the Net.
8:28 of 3rd period - Snap shot by Ryan Strome.
8:28 of 3rd period - Stopped by Jordan Binnington without a rebound.
8:29 of 3rd period - Artem Anisimov wins face-off versus Max Reinhart in Gangsters zone.
8:59 of 3rd period - Slapshot by Devante Smith-Pelly.
8:59 of 3rd period - Shot Blocked by Roberts Lipsbergs.
9:31 of 3rd period - Wrist shot by Devante Smith-Pelly.
9:31 of 3rd period - Stopped by Igor Bobkov with a rebound.
9:33 of 3rd period - Slapshot by Morgan Ellis.
9:33 of 3rd period - Stopped by Igor Bobkov without a rebound.
9:34 of 3rd period - Kevin Roy wins face-off versus Pontus Aberg in Remparts zone.
9:52 of 3rd period - Minor Penalty to Niklas Hansson for Roughing.
9:53 of 3rd period - Kevin Roy wins face-off versus Max Reinhart in Remparts zone.
9:53 of 3rd period - Snap shot by Richard Panik.
9:53 of 3rd period - Shot Misses the Net.
10:25 of 3rd period - Snap shot by Guillaume Desbiens.
10:25 of 3rd period - Goal by Guillaume Desbiens - Gangsters : 3 - Remparts : 6.
10:26 of 3rd period - Max Reinhart wins face-off versus Artem Anisimov in neutral zone.
10:58 of 3rd period - Slapshot by Jonas Brodin.
10:58 of 3rd period - Shot Misses the Net.
11:00 of 3rd period - Snap shot by Morgan Ellis.
11:00 of 3rd period - Goal by Morgan Ellis - Gangsters : 4 - Remparts : 6.
11:01 of 3rd period - Max Reinhart wins face-off versus Artem Anisimov in neutral zone.
11:45 of 3rd period - Wrist shot by Nail Yakupov.
11:45 of 3rd period - Stopped by Jordan Binnington with a rebound.
11:47 of 3rd period - Backhand shot by Mitchell Heard.
11:47 of 3rd period - Stopped by Jordan Binnington without a rebound.
11:48 of 3rd period - Adam Lowry wins face-off versus Mitchell Heard in Gangsters zone.
11:48 of 3rd period - Adam Lowry is hit by Nail Yakupov.
11:49 of 3rd period - Adam Lowry from Gangsters is injured at 11:49 of 3rd period (Sprained Left Finger).
11:50 of 3rd period - Artem Anisimov wins face-off versus Max Reinhart in Gangsters zone.
12:07 of 3rd period - Devante Smith-Pelly is hit by Ryan Strome and loses puck.
12:30 of 3rd period - Wrist shot by Richard Panik.
12:30 of 3rd period - Stopped by Igor Bobkov with a rebound.
12:37 of 3rd period - Icing by Brendan Perlini.
12:38 of 3rd period - Sebastian Collberg wins face-off versus Sam Reinhart in Remparts zone.
12:42 of 3rd period - Minor Penalty to Griffin Reinhart for Tripping.
12:43 of 3rd period - Artem Anisimov wins face-off versus Max Reinhart in Remparts zone.
13:33 of 3rd period - Max Reinhart is hit by Artem Anisimov and loses puck.
14:06 of 3rd period - Dave Dziurzynski is hit by Jake Virtanen.
14:42 of 3rd period - Penalty to Griffin Reinhart is over, Griffin Reinhart is back on ice.
14:51 of 3rd period - Snap shot by Guillaume Desbiens.
14:51 of 3rd period - Stopped by Jordan Binnington with a rebound.
14:57 of 3rd period - Jonas Brodin is hit by Griffin Reinhart and loses puck.
15:22 of 3rd period - Wrist shot by Jake Virtanen.
15:22 of 3rd period - Shot Blocked by Derrick Pouliot.
15:28 of 3rd period - Roberts Lipsbergs is hit by Samuel Blais and loses puck.
15:37 of 3rd period - Kevin Roy is hit by Roberts Lipsbergs and loses puck.
15:52 of 3rd period - Off-side.
15:53 of 3rd period - Brendan Perlini wins face-off versus Artem Anisimov in neutral zone.
16:10 of 3rd period - Minor Penalty to Brett Ponich for Holding.
16:11 of 3rd period - Max Reinhart wins face-off versus Artem Anisimov in Gangsters zone.
16:12 of 3rd period - Wrist shot by Ryan Strome.
16:12 of 3rd period - Deflect By Pontus Aberg.
16:12 of 3rd period - Stopped by Jordan Binnington without a rebound.
16:13 of 3rd period - Max Reinhart wins face-off versus Artem Anisimov in Gangsters zone.
16:16 of 3rd period - Snap shot by Pontus Aberg.
16:16 of 3rd period - Shot Blocked by Matt Delahey.
16:18 of 3rd period - Wrist shot by Griffin Reinhart.
16:18 of 3rd period - Shot Blocked by Matt Delahey.
17:30 of 3rd period - Brendan Perlini is hit by Dave Dziurzynski and loses puck.
17:51 of 3rd period - Slapshot by Morgan Ellis.
17:51 of 3rd period - Deflect By Samuel Blais.
17:51 of 3rd period - Stopped by Igor Bobkov with a rebound.
17:53 of 3rd period - Slapshot by Derrick Pouliot.
17:53 of 3rd period - Stopped by Igor Bobkov without a rebound.
17:54 of 3rd period - Sam Reinhart wins face-off versus Artem Anisimov in Remparts zone.
18:06 of 3rd period - Icing by Pontus Aberg.
18:07 of 3rd period - Artem Anisimov wins face-off versus Max Reinhart in Remparts zone.
18:10 of 3rd period - Penalty to Brett Ponich is over, Brett Ponich is back on ice.
18:38 of 3rd period - Slapshot by Guillaume Desbiens.
18:38 of 3rd period - Deflect By Sam Reinhart.
18:38 of 3rd period - Stopped by Jordan Binnington without a rebound.
18:39 of 3rd period - Sam Reinhart wins face-off versus Kevin Roy in Gangsters zone.
18:46 of 3rd period - Slapshot by Guillaume Desbiens.
18:46 of 3rd period - Deflect By Sam Reinhart.
18:46 of 3rd period - Shot Misses the Net.
18:46 of 3rd period - Puck is out of play.
18:47 of 3rd period - Matt Puempel wins face-off versus Sebastian Collberg in Gangsters zone.
19:08 of 3rd period - Mitchell Heard is hit by Samuel Blais and loses puck.
19:34 of 3rd period - Minor Penalty to Matt Puempel for Hooking.
19:35 of 3rd period - Max Reinhart wins face-off versus Artem Anisimov in Remparts zone.
19:39 of 3rd period - Minor Penalty to Dave Dziurzynski for High sticking.
19:40 of 3rd period - Max Reinhart wins face-off versus Artem Anisimov in Gangsters zone.
19:43 of 3rd period - Wrist shot by Ryan Strome.
19:43 of 3rd period - Shot Misses the Net.
19:53 of 3rd period - Wrist shot by Devante Smith-Pelly.
19:53 of 3rd period - Stopped by Igor Bobkov with a rebound.
Goals for this period are 2 for Gangsters vs 2 for Remparts.
Shots for this period are 16 for Gangsters vs 8 for Remparts.
Back to the Top